Cogmind - Beta 9.4 @@@ ROGUE MODE // 2020.03.21 @ 00:22:44 Player: Trione Result: Destroyed by 8R-AWN with 8R-AWN's Boregun Performance ------------- Evolutions (1) 500 Regions Visited (5) 1000 Robots Destroyed (88) 440 Value Destroyed (1481) 1481 Prototype IDs (2) 40 Alien Tech Used (0) 0 Bonus (-589) -589 TOTAL SCORE: 2872 Bonus ------- High Alert Combat Kills 38 Friendly Fire -627 Cogmind --------- Core Integrity 0/400 Matter 115/300 Energy 100/100 System Corruption 1% Temperature Cool (0) Movement Treading (180) Ox1 Location -9/Exiles Parts ------- > --- POWER (1) -------- (None) > --- PROPULSION (2) --- Light Treads Armored Wheel > --- UTILITY (4) ------ High-capacity Storage Unit > --- WEAPON (2) ------- Mining Claw Ripper > --- INVENTORY (12) --- Light Treads Light Treads Armored Wheel Armored Wheel Improved EM Shotgun Improved EM Shotgun Grenade Launcher Grenade Launcher Peak State ------------ > --- POWER ------------ Light Angular Momentum Engine > --- PROPULSION ------- Armored Wheel Armored Wheel > --- UTILITY ---------- Large Storage Unit High-capacity Storage Unit High-capacity Storage Unit Hardened Medium Armor Plating > --- WEAPON ----------- Beamcaster Assault Cannon > --- INVENTORY -------- Ion Engine Light Ion Engine Light Ion Engine Light Treads Light Treads Light Treads Light Treads Armored Wheel Armored Wheel Large Storage Unit Improved Signal Interpreter Improved Signal Interpreter Improved Trap Extractor Heavy Particle Cannon Assault Rifle Light Assault Rifle Light Assault Rifle Light Assault Rifle Assault Cannon Assault Cannon Assault Cannon Grenade Launcher Grenade Launcher Grenade Launcher Ripper [Rating: 27] Favorites ----------- Power Light Angular Momentum Engine Engine Light Angular Momentum Engine Propulsion Light Treads Treads Light Treads Wheel Armored Wheel Utility High-capacity Storage Unit Device Improved Heat Sink Storage High-capacity Storage Unit Protection Light Armor Plating Weapon Assault Cannon Energy Gun Beamcaster Energy Cannon Heavy Particle Cannon Ballistic Gun Light Assault Rifle Ballistic Cannon Assault Cannon Launcher Grenade Launcher Slashing Weapon Ripper Build | -11 -10 -10 -9 -9 -9 ------- Run | Scr Mat Min Mat Min Exi Slots Evolved 2 | . . . 2 . . Power . | . . . . . . Propulsion . | . . . . . . Utility 2 | . . . 2 . . Weapon . | . . . . . . Parts Attached 76 | 6 8 8 36 . 18 Power 6 | 1 1 1 2 . 1 Engine 6 | 1 1 1 2 . 1 Core . | . . . . . . Reactor . | . . . . . . Propulsion 21 | 2 2 5 9 . 3 Treads 10 | . 2 3 4 . 1 Leg . | . . . . . . Wheel 11 | 2 . 2 5 . 2 Hover . | . . . . . . Flight . | . . . . . . Utility 14 | 1 2 . 6 . 5 Device 2 | . . . 2 . . Storage 5 | 1 2 . 1 . 1 Processor . | . . . . . . Hackware . | . . . . . . Protection 7 | . . . 3 . 4 Artifact . | . . . . . . Weapon 35 | 2 3 2 19 . 9 Energy Gun 8 | 1 . . 5 . 2 Energy Cannon 2 | . . . 2 . . Ballistic Gun 9 | 1 3 1 4 . . Ballistic Cannon 5 | . . 1 4 . . Launcher 5 | . . . 3 . 2 Special Weapon . | . . . . . . Impact Weapon . | . . . . . . Slashing Weapon 6 | . . . 1 . 5 Piercing Weapon . | . . . . . . Special Melee Weapon . | . . . . . . Unidentified Prototypes 2 | . . . 2 . . Parts Lost 13 | . 3 2 1 . 7 Power 2 | . . . . . 2 Propulsion 2 | . 1 1 . . . Utility 5 | . . . . . 5 Weapon 4 | . 2 1 1 . . Highest Loss Streak 7 | . 2 1 1 . 7 Average Slot Usage (%) 97 | . 95 100 99 100 96 Engine 12 | . 14 14 10 11 10 Treads 17 | . 14 27 11 22 18 Wheel 7 | . 14 . 10 . 3 Storage 28 | . 23 28 32 33 27 Protection 5 | . . . 7 11 13 Energy Gun 1 | . 2 . 3 . . Ballistic Gun 10 | . 25 16 3 . . Ballistic Cannon 6 | . . 11 12 22 . Slashing Weapon 4 | . . . . . 20 Naked Turns . | . . . . . . Heaviest Build 108 | 12 72 74 108 102 102 Greatest Support 40 | 32 40 40 40 40 40 Greatest Overweight (x) 4 | 3 2 2 4 2 2 Average Overweight (x) 1 | . . 1 3 2 1 Largest Inventory Capacity 26 | 6 20 20 26 26 26 Average Capacity 21 | 5 15 20 25 26 22 Most Carried 26 | 6 20 20 26 26 26 Average Carried 20 | 2 13 19 25 26 21 Final Capacity 26 | 6 20 20 26 26 12 Final Carried 26 | 6 20 20 26 26 8 Class Distribution -------------------- 86% | Hauler-Mutant 13% | Mutant Dominant Class ---------------- Hauler-Mutant | -10/Materials Hauler-Mutant | -10/Mines Hauler-Mutant | -9/Materials Hauler-Mutant | -9/Mines Hauler-Mutant | -9/Exiles Resources | -11 -10 -10 -9 -9 -9 ----------- Run | Scr Mat Min Mat Min Exi Matter Collected 1958 | 261 203 351 1143 . . Remotely . | . . . . . . Salvage Created 2829 | 69 805 545 1385 . 25 Parts 154 | 3 38 27 86 . . Haulers Intercepted 6 | . 2 . 4 . . Recyclers Shooed 11 | . 6 2 3 . . Parts Field Recycled . | . . . . . . Retrieved Matter . | . . . . . . Parts Self-Destructed . | . . . . . . Prevented . | . . . . . . Kills | -11 -10 -10 -9 -9 -9 ------- Run | Scr Mat Min Mat Min Exi Combat Hostiles Destroyed 55 | . 15 11 26 . 3 Guns 27 | . 15 8 4 . . Cannons 16 | . . 3 13 . . AOE 12 | . . . 9 . 3 Classes Destroyed 11 | 1 4 1 4 . 1 Worker 1 | . . . 1 . . Builder 2 | . . . 2 . . Tunneler 2 | . . 2 . . . Hauler 6 | . 2 . 4 . . Recycler 15 | 1 4 3 7 . . Operator 1 | . . . 1 . . Watcher 2 | . 2 . . . . Swarmer 25 | . 12 3 10 . . Grunt 21 | . 3 8 10 . . Sentry 6 | . . . 6 . . Assembled 7 | . . . . . 7 Best Kill Streak 8 | 1 8 3 5 . 3 Combat Bots Only 4 | . 4 3 4 . 3 Max Kills in Single Turn 4 | 1 2 1 3 . 4 Gunslinging 1 | . 1 . . . . Exploded 3 | . . . 3 . 3 Melee . | . . . . . . Uniques/NPCs Destroyed . | . . . . . . Combat | -11 -10 -10 -9 -9 -9 -------- Run | Scr Mat Min Mat Min Exi Damage Taken 3169 | . 471 599 935 . 1164 Core 534 | . 57 73 187 . 217 Absorbed by Shields . | . . . . . . Core Remaining (%) 74 | 100 . 48 . . . Volleys Fired 231 | 1 75 66 79 . 10 Largest 2 | 2 2 2 2 . 2 Hottest 150 | 70 70 55 150 . 90 Shots Fired 430 | 2 150 116 146 . 16 Gun 283 | 2 150 61 58 . 12 Cannon 139 | . . 55 84 . . Launcher 8 | . . . 4 . 4 Special . | . . . . . . Kinetic 333 | 1 125 116 91 . . Thermal 77 | 1 25 . 51 . . Explosive 8 | . . . 4 . 4 Electromagnetic 12 | . . . . . 12 Robot Hit Streak 13 | 2 8 7 13 . 10 Robot Miss Streak 7 | . 7 3 3 . 4 Penetration Max . | . . . . . . Secondary Targets 3 | . 2 1 . . . Max Gunslinging Chain 1 | . 1 1 . . . Shots Hit Robots 289 | 2 85 63 95 . 44 Core Hits 133 | 2 36 28 53 . 14 Critical Hits 2 | . . . 1 . 1 Critical Kills . | . . . . . . Critical Parts Destroyed 1 | . . . 1 . . Melee Attacks 41 | . . . 1 . 40 Impact . | . . . . . . Slashing 41 | . . . 1 . 40 Piercing . | . . . . . . Sneak Attacks . | . . . . . . Combat Hostiles . | . . . . . . Follow-up Attacks 5 | . . . . . 5 Damage Inflicted 5764 | 19 871 854 2542 . 1478 Guns 2196 | 19 871 486 814 . 6 Cannons 1672 | . . 368 1304 . . Explosions 762 | . . . 387 . 375 Melee 1134 | . . . 37 . 1097 Ramming . | . . . . . . Kinetic 2852 | 6 685 854 1307 . . Thermal 1010 | 13 186 . 811 . . Explosive 762 | . . . 387 . 375 Electromagnetic 6 | . . . . . 6 Impact . | . . . . . . Slashing 1134 | . . . 37 . 1097 Piercing . | . . . . . . Highest Corruption 1 | . . . 1 1 1 Average Corruption 1 | . . . 1 1 1 Corruption Purged . | . . . . . . Effects 5 | . . . 1 . 4 Message Errors 2 | . . . . . 2 Energy Discharges 3 | . . . 1 . 2 Overload Shots . | . . . . . . Overflow Damage 62 | . . 16 22 . 24 Projectiles 38 | . . 16 22 . . Explosions . | . . . . . . Melee 24 | . . . . . 24 Knockbacks 11 | . . 5 6 . . Impact . | . . . . . . Kinetic 9 | . . 4 5 . . Secondary 2 | . . 1 1 . . Self-Inflicted Damage . | . . . . . . Shots . | . . . . . . Rammed . | . . . . . . Targets Rammed . | . . . . . . Kicked . | . . . . . . Crushed . | . . . . . . Highest Temperature 357 | 30 130 74 357 . 296 Average Temperature 85 | 18 39 29 105 . 133 Received Heat Transfer 699 | . 84 306 309 . . Effects 4 | . . . 4 . . Shutdowns 1 | . . . 1 . . Energy Bleed 3 | . . . 3 . . Siege Activations . | . . . . . . Robots Corrupted . | . . . . . . Combat Hostiles . | . . . . . . Parts Fried . | . . . . . . Impact Corruptions . | . . . . . . Robots Melted . | . . . . . . Combat Hostiles . | . . . . . . Parts Melted 1 | . 1 . . . . Heat Transferred 1924 | 37 555 . 1332 . . Parts Sabotaged . | . . . . . . Parts Stolen . | . . . . . . Parts Stripped . | . . . . . . Power Chain Reactions . | . . . . . . Missiles Intercepted . | . . . . . . Alert | -11 -10 -10 -9 -9 -9 ------- Run | Scr Mat Min Mat Min Exi Peak Influence 449 | 5 290 246 449 163 . Average Influence 162 | 1 122 79 259 163 . Maximum Alert Level 2 | . 1 1 2 . . Low Security (%) 71 | 100 90 94 37 100 . Level 1 17 | . 9 5 33 . . Level 2 11 | . . . 28 . . Level 3 . | . . . . . . Level 4 . | . . . . . . Level 5 . | . . . . . . High Security . | . . . . . . Max Security . | . . . . . . Squads Dispatched 3 | . 2 . 1 . . Investigation 1 | . . . 1 . . Extermination . | . . . . . . Reinforcement 2 | . 2 . . . . Assault . | . . . . . . Garrison . | . . . . . . Intercept . | . . . . . . Construction Impeded . | . . . . . . Haulers Reinforced . | . . . . . . Stealth | -11 -10 -10 -9 -9 -9 --------- Run | Scr Mat Min Mat Min Exi Distress Signals 5 | . 3 . 2 . . Communications Jammed . | . . . . . . Distress Signals . | . . . . . . Times Spotted 90 | . 32 17 37 . 4 Peak Tracking Total 7 | . 7 3 5 . 3 Tactical Retreats 9 | . 2 6 1 . . Traps | -11 -10 -10 -9 -9 -9 ------- Run | Scr Mat Min Mat Min Exi Traps Triggered 3 | . . 1 2 . . Indirectly . | . . . . . . Trap Hack Attempts . | . . . . . . Triggered . | . . . . . . Disarmed . | . . . . . . Reprogrammed . | . . . . . . Reused . | . . . . . . Traps Extracted . | . . . . . . Installed . | . . . . . . Triggered . | . . . . . . Machines | -11 -10 -10 -9 -9 -9 ---------- Run | Scr Mat Min Mat Min Exi Machines Disabled 4 | . . . 2 . 2 Max in Single Turn 2 | . . . 1 . 2 Machines Sabotaged . | . . . . . . Garrisons Compromised . | . . . . . . Overloaded Fab Kills . | . . . . . . Fab Network Shutdowns . | . . . . . . Hacking | -11 -10 -10 -9 -9 -9 --------- Run | Scr Mat Min Mat Min Exi Machines Accessed 14 | . 6 1 6 . 1 Terminals 10 | . 5 . 5 . . Fabricators . | . . . . . . Repair Stations 1 | . . . 1 . . Recycling Units 1 | . 1 . . . . Scanalyzers . | . . . . . . Garrison Access . | . . . . . . Total Hacks 29 | . 12 1 15 . 1 Successful 19 | . 7 1 10 . 1 Failed 10 | . 5 . 5 . . Catastrophic 2 | . 1 . 1 . . Database Lockouts . | . . . . . . Manual 21 | . 10 . 11 . . Terminals 21 | . 10 . 11 . . Fabricators . | . . . . . . Repair Stations 4 | . . . 4 . . Recycling Units 2 | . 2 . . . . Scanalyzers . | . . . . . . Garrison Access . | . . . . . . Terminal Hacks 6 | . 2 1 2 . 1 Record 1 | . . . . . 1 Part Schematic 1 | . . . 1 . . Open Door 1 | . . 1 . . . Zone Layout 3 | . 2 . 1 . . Fabricator Hacks . | . . . . . . Repair Station Hacks 4 | . . . 4 . . Scan Component 2 | . . . 2 . . Repair 2 | . . . 2 . . Recycling Unit Hacks 1 | . 1 . . . . Retrieve Components 1 | . 1 . . . . Scanalyzer . | . . . . . . Garrison Access Hacks . | . . . . . . Unauthorized Hacks 22 | . 11 . 11 . . Terminals 8 | . 4 . 4 . . Track 4 | . 3 . 1 . . Botnet 3 | . . . 3 . . Disrupt 1 | . 1 . . . . Fabricators . | . . . . . . Repair Stations . | . . . . . . Recycling Units . | . . . . . . Scanalyzers . | . . . . . . Garrison Access . | . . . . . . Data Cores Recovered 1 | . . . 1 . . Used 1 | . . . 1 . . Hacking Detections 8 | . 3 . 5 . . Full Trace Events 1 | . . . 1 . . Feedback Events . | . . . . . . Feedback Blocked . | . . . . . . Robot Schematics Acquired . | . . . . . . Robots Built . | . . . . . . Matter . | . . . . . . Time . | . . . . . . Total Robot Build Rating . | . . . . . . Part Schematics Acquired 1 | . . . 1 . . Parts Built . | . . . . . . Matter . | . . . . . . Time . | . . . . . . Total Part Build Rating . | . . . . . . Parts Repaired 2 | . . . 2 . . Time 88 | . . . 88 . . Parts Recycled . | . . . . . . Recycled Matter . | . . . . . . Retrieved Matter . | . . . . . . Retrieved Components 1 | . 1 . . . . Parts Scanalyzed . | . . . . . . Part Schematics Acquired . | . . . . . . Parts Damaged . | . . . . . . Bothacking | -11 -10 -10 -9 -9 -9 ------------ Run | Scr Mat Min Mat Min Exi Used RIF Installer . | . . . . . . Robots Hacked . | . . . . . . Non-combat . | . . . . . . Combat . | . . . . . . Robot Hacks Applied . | . . . . . . Relay Couplers Released . | . . . . . . Robots Rewired . | . . . . . . Allies Hacked . | . . . . . . Hacks Repelled . | . . . . . . Allies | -11 -10 -10 -9 -9 -9 -------- Run | Scr Mat Min Mat Min Exi Total Allies . | . . . . . . Largest Group . | . . . . . . Highest-Rated Group . | . . . . . . Highest-Rated Ally . | . . . . . . Total Orders . | . . . . . . Ally Attacks . | . . . . . . Total Damage . | . . . . . . Kills . | . . . . . . Allies Corrupted . | . . . . . . Allies Melted . | . . . . . . Intel | -11 -10 -10 -9 -9 -9 ------- Run | Scr Mat Min Mat Min Exi Robot Analysis Total . | . . . . . . Derelict Logs Recovered 2 | . . 2 . . . Drone Launches . | . . . . . . Drone Recoveries . | . . . . . . Exploration | -11 -10 -10 -9 -9 -9 ------------- Run | Scr Mat Min Mat Min Exi Turns Passed 5249 | 60 1141 1147 1542 104 1255 Spaces Moved 2392 | 42 645 399 688 53 565 Core 10 | 10 . . . . . Treads 1532 | . 281 387 287 53 524 Legs . | . . . . . . Wheels 850 | 32 364 12 401 . 41 Hover . | . . . . . . Flight . | . . . . . . Fastest Speed 50 | 50 100 110 120 200 110 Average Speed 164 | 101 139 177 159 200 191 Slowest Speed 200 | 200 180 180 200 200 200 Overloaded Moves . | . . . . . . Propulsion Burnouts . | . . . . . . Robots Hopped . | . . . . . . Cave-ins Triggered . | . . . . . . Exploration Rate (%) 52 | 4 88 78 69 15 59 Regions Visited 5 Branch Regions 3 Pre-discovered Areas 2 | . . 1 . . 1 Known Exits Taken 1 | . . . 1 . . Unknown Exits Taken 4 | 1 1 1 . 1 . Scrap Searched 1 | . . 1 . . . Spaces Dug 2 | . . . 2 . . Terrain Destroyed 47 | . . . 41 . 6 Melee . | . . . . . . Projectile 19 | . . . 19 . . AOE 28 | . . . 22 . 6 Actions | -11 -10 -10 -9 -9 -9 --------- Run | Scr Mat Min Mat Min Exi Total 3246 | 54 761 722 985 52 672 Wait 386 | . 9 242 135 . . Move 2387 | 41 644 398 687 52 565 Hop . | . . . . . . Pick Up 81 | 6 20 5 25 . 25 Fast Attach 13 | 6 1 . 5 . 1 Attach 13 | . 3 2 3 . 5 Detach 1 | . . . 1 . . Swap 50 | . 4 6 28 . 12 Drop 48 | . 5 3 21 . 19 Fire 231 | 1 75 66 79 . 10 Melee 36 | . . . 1 . 35 Ram . | . . . . . . Kick . | . . . . . . Crush . | . . . . . . Escape Stasis . | . . . . . . Rewire . | . . . . . . Trap . | . . . . . . Miscellaneous . | . . . . . . Route ------- -11/Scrapyard -10/Materials (discovered 3 exits: *Mat x2 / *Min) -10/Mines (discovered 2 exits: *Mat x2) -9/Materials (discovered 3 exits: [*Mat] / *Min x2) -9/Mines (discovered 2 exits: [*Mat] / *Exi) -9/Exiles (discovered 1 exit: [*Min]) History --------- Turn | Location | Event 17 | -11/Scrapyard | Discovered new exit (range 16) 61 | -11/Scrapyard | Entered Materials 262 | -10/Materials | Discovered new exit (range 10) 316 | -10/Materials | Build established: Mutant 719 | -10/Materials | Build established: Hauler-Mutant 959 | -10/Materials | Discovered new exit (range 16) 1100 | -10/Materials | Discovered new exit (range 8) 1202 | -10/Materials | Entered Mines 1398 | -10/Mines | Discovered new exit (range 7) 1604 | -10/Mines | A weapon hastily lodged in a ceiling crevice suddenly fell to the ground 1686 | -10/Mines | Excavation squad dispatched 1686 | -10/Mines | A large section of the Mines collapsed 2062 | -10/Mines | Met a Derelict who couldn't figure out how to use a Trap Extractor 2118 | -10/Mines | Discovered new exit (range 11) 2129 | -10/Mines | Learned location of Mines (-9) 2209 | -10/Mines | Core integrity fell below 50% 2349 | -10/Mines | Entered Materials 2349 | -9/Materials | Evolved 2 slots: Utility x2 2350 | -9/Materials | Identified exit to Mines 3439 | -9/Materials | Discovered new exit (range 16) 3693 | -9/Materials | Repaired Hvy. Particle Cannon 3744 | -9/Materials | Repaired Lgt. Angular Momentum Engine 3891 | -9/Materials | Entered Mines 3937 | -9/Mines | Discovered new exit (range 15) 3987 | -9/Mines | Deemed a non-threat by the Exiles lab entrance 3987 | -9/Mines | Discovered new exit (range 5) 3995 | -9/Mines | Entered Exiles 4049 | -9/Exiles | Met 8R-AWN 4179 | -9/Exiles | Met EX-HEX 4311 | -9/Exiles | Met EX-DEC 4593 | -9/Exiles | Discovered new exit (range 14) 4742 | -9/Exiles | Met EX-BIN 4788 | -9/Exiles | Learned location of Zion (-6) 5119 | -9/Exiles | Attacked by the Exiles 5131 | -9/Exiles | Core integrity fell below 50% 5196 | -9/Exiles | Core integrity fell below 20% 5250 | -9/Exiles | Destroyed by 8R-AWN with 8R-AWN's Boregun Last Messages --------------- 05204_ Lgt. Angular Momentum Engine destroyed. 05208_ Penetrated by HV Slug. 05208_ Critical hit. 05210_ Mining Claw follow-up attack on 8R-AWN. 05210_ Prototype Leg severed. 05212_ HV Slug penetrates Wall. 05217_ Penetrated by HV Slug. 05217_ Critical hit. 05217_ Lgt. Armor Plating destroyed. 05217_ Penetrated by HV Slug. 05225_ HV Slug penetrates Wall. 05229_ Penetrated by HV Slug. 05232_ The unstable cave ceiling collapses. 05234_ Penetrated by HV Slug. 05234_ Critical hit. 05234_ Lgt. Ion Engine destroyed. 05238_ Penetrated by HV Slug. 05242_ Destroyed Prototype Device. 05245_ Mining Claw follow-up attack on 8R-AWN. 05245_ Penetrated by HV Slug. Map ----- +----------------------------------------------------+ | "????????????????????????????????????????? | | ?????????????????????????????????????????? | | ??????????????????????????????????????????? | | ???????????????????????????????????????????? | | "????????????????????????????????????????????? | | ?????????????????????????????????????????????? | | "??????????????????????????????????????????????? | | #???????????????????????????????????????????????? | | #???????????????????????????????????????????????? | | #???????????????????????????????????????????????? | | ##??????????????????????????????????????????????? | | ##???###########???????????????????????????????? | | #####"""" """"##??????????????????????????????? | | " "" """"##?????????????????????????????? | | "" " #?????????????????????????????? | | " """#?????????????????????????????? | | a"#???????????#####?????????????? | | "##?????????##" #?????????????? | | "###???????#" #?????????????# | | ""#??????##" ##????????????# | | " "#????### ###????????### | | ##""" ###??# ########## | | ?##""" !;#?## #""""## | | ??#"""" ##; | | ?##"" ## | | ##"""" @ #### | | "" g ""#?#"""""#### | | #"""##?#######??#### | | ######??????????????##### | | ##???????????????????????# | | " ##????????????????????????? | | "" """ "#?????????????????????????? | | #""" " " ""#" "##?????????????????????????? | | #####""" """##" ##??????????????????????????? | | ????###""""##### # #???????????????????????????? | | ###???######???## ###????????????????????????????? | | "!#?????????????#????????????????????????????????? | | !#??????????????????????????????????????????????? | | "#??????????????????????????????????????????????? | | !"#??????????????????????????????????????????????? | | ###??????????????????????????????????????????????? | | ?????????????????????????????????????????????????? | | ?????????????????????????????????????????????????? | | ?????????????????????????????????????????????????? | | ?????????????????????????????????????????????????? | | ?????????????????????????????????????????????????? | | ?????????????????????????????????????????????????? | | ?????????????????????????????????????????????????? | | ?????????????????????????????????????????????????? | | ?????????????????????????????????????????????????? | +----------------------------------------------------+ Best States ------------- Heat Dissipation 42 Energy Generation 18 Energy Capacity 250 Matter Stores 300 Matter Capacity 300 Sight Range 16 Terrain Scan Density 10 Armor Coverage 450 Evasion (%) 40 Recoil Reduction 2 Item Schematics ----------------- Armor Integrity Analyzer | -9/Materials | Hacked Robot Schematics ------------------ None Fabricated ------------ Nothing Alien Tech Used ----------------- None Achievements -------------- None Challenges ------------ None Game ------ Seed DisruptorNodeThruster Manual? 0 Play Time 00:37:51 Cumulative 974.2 hours Start 2020.03.20 @ 23:30:52 End 2020.03.21 @ 00:22:44 Sessions 1 Manual Loads 0 Difficulty Rogue Special Mode None Game No. 367 Rogue 367 Adventurer 0 Explorer 0 Win Type - Total 24 Types 13/1/7/0/0/0/3 Lore% 96 Gallery% 97 Achievement% 83 Wizard Run 0 Options --------- ASCII 0 Keyboard 0 Movement Vi Keybinds 0 Fullscreen 0 Font 12/Crisp Map View 76x50 Tactical HUD 1 Map Filters NONE Filters NONE Steam 1 RUN: 1be70499-3feb-43c4-9617-c23d7748c5c6